 Dungeon Crawl Stone Soup version 0.29.0-4-gdea44cf6ec (webtiles) character file.

Game seed: 7341682424177437660

1512 qw the Cleaver (level 8, -9/48 HPs)
             Began as a Tengu Warper on Aug 28, 2022.
             Mangled by a freezing wraith (19 damage)
             ... on level 7 of the Dungeon.
             The game lasted 00:00:47 (7892 turns).

qw the Cleaver (Tengu Warper)                       Turns: 7892, Time: 00:00:48

Health: -9/48      AC: 10    Str: 14    XL:     8   Next: 83%
Magic:  0/12       EV:  8    Int: 13    God:
Gold:   363        SH:  0    Dex: 14    Spells: 11/11 levels left

rFire   . . .      SeeInvis .   l - +0 war axe
rCold   . . .      Faith    .   (no shield)
rNeg    . . .      Spirit   +   j - +0 chain mail
rPois   .          Reflect  .   (helmet restricted)
rElec   .          Harm     .   (no cloak)
rCorr   .          Rampage  .   g - +0 pair of gloves
Will    .....                   (boots unavailable)
Stlth   ..........              e - amulet of guardian spirit
HPRegen 0.16/turn               (no ring)
MPRegen 0.13/turn               (no ring)

@: flying quickly and evasively, quick
A: beak, talons 3, nimble flight
a: no special abilities


You were on level 7 of the Dungeon.
You visited 1 branch of the dungeon, and saw 7 of its levels.

You collected 385 gold pieces.
You spent 22 gold pieces at shops.


Innate Abilities, Weirdness & Mutations

You have a beak for a mouth.
You have claws for feet.
Your magical nature lets you fly swiftly and evasively.


   Skills:
 + Level 4.5 Fighting
 - Level 10.1 Axes
 - Level 1.0 Throwing
 - Level 4.3 Armour
 - Level 2.1 Dodging
 - Level 2.0 Spellcasting
 - Level 2.4 Translocations


You had 11 spell levels left.
You didn't know any spells.
Your spell library contained the following spells:

 Spells                   Type           Power      Damage    Failure   Level
 Blink                    Tloc           14%        N/A       97%         2
 Gell's Gravitas          Tloc           7%         N/A       99%         3
 Lesser Beckoning         Tloc           7%         N/A       99%         3
 Teleport Other           Tloc           7%         N/A       99%         3
 Manifold Assault         Tloc           7%         N/A       100%        5

Inventory:

Hand Weapons
 l - a +0 war axe (weapon)
 m - a +0 morningstar
Missiles
 h - 3 boomerangs (quivered)
Armour
 g - a +0 pair of gloves (worn)
 j - a +0 chain mail (worn)
Jewellery
 e - an amulet of guardian spirit (around neck)
Scrolls
 b - a scroll of identify
 k - 2 scrolls of teleportation
Potions
 a - a potion of heal wounds
 c - a potion of attraction {unknown}
 d - 3 potions of curing
 f - a potion of magic {unknown}
 i - a potion of invisibility {unknown}
 o - a potion of flight {unknown}

Dungeon Overview and Level Annotations

Branches:
Dungeon (7/15)
 Temple: D:4-7

Altars:

Shops:
D:1 (   D:2 *   D:3 *

Annotations:
D:4 2 transporters


Message History

The white imp gestures at you.
The puff of frost hits you but does no damage.
Found 20 gold pieces.
Enter note:
7884 ||| Stepping ~*~*~tactically~*~*~ (hiding).
There is a huge open gate here.
You start waiting.
A white imp is nearby!
Found a chain mail, a distressingly furry leather armour and a ruby potion.
The white imp gestures at you.
The puff of frost hits you but does no damage.
Found a scroll labelled BECVECUYSHAPN.
The white imp gestures at you. The puff of frost misses you.
A white imp comes into view.
A freezing wraith comes into view.
The white imp shouts!
The white imp gestures at you. The puff of frost hits you.
You barely miss the white imp.
You claw the white imp, but do no damage.
A white imp comes into view.
The white imp gestures at you. The puff of frost hits you.
The white imp hits you. The white imp freezes you.
You slash the white imp!
You kill the white imp!
You hit the freezing wraith but do no damage.
Your kick misses the freezing wraith. You closely miss the white imp.
The freezing wraith hits you. The freezing wraith freezes you!!
The freezing wraith barely misses you. The white imp gestures at you.
The puff of frost hits you.
You hit the freezing wraith. Your kick misses the freezing wraith.
Your peck misses the freezing wraith.
The freezing wraith is lightly damaged.
You barely miss the white imp.
An ice devil comes into view.
The white imp gestures at you. The puff of frost misses you.
The freezing wraith hits you! The freezing wraith freezes you!!
You die...

#.##### ##..# ####
##.## ##.. #..#
..[ ..!. ##.# ..#
.... #.# #..4 #..#
#.# #..~### ~..# .
#..
.?##.5#W~##~..##..
##.
..[...5@#~~#......
#..
....$.............
##.#
####..$.......##
#..# ####''''####
#.## #....######
##.#
####......####..#
######......##
########


You could see an ice devil (wandering), a freezing wraith and 2 white imps.

Vanquished Creatures
  Prince Ribbit (D:5)
  An ice beast (D:6)
  A sky beast (D:6)
  An ogre (D:5)
  A phantom (D:6)
  A scorpion (D:5)
  8 wights
  A howler monkey (D:5)
  3 hounds
  An orc priest (D:7)
  2 orc wizards (D:7)
  An iguana (D:5)
  9 gnolls
  4 adders
  A white imp (D:7)
  An ufetubus (D:6)
  A worm (D:3)
  A dart slug (D:4)
  25 orcs
  5 endoplasms
  3 giant cockroaches
  12 goblins
  10 hobgoblins
  2 jackals (D:2)
  2 quokkas
  11 ball pythons
  6 bats
  3 frilled lizards (D:1)
  7 kobolds
  8 rats
133 creatures vanquished.

Notes
Turn   | Place    | Note
-------+----------+-------------------------------------------
     0 | D:1      | qw the Tengu Warper began the quest for the Orb.
     0 | D:1      | Reached XP level 1. HP: 12/12 MP: 4/4
     0 | D:1      | 0 ||| qw: Version: 0.1-a-89-g26bdef1
     0 | D:1      | 0 ||| qw: Game counter: 604
     0 | D:1      | 0 ||| qw: Always use a shield: true
     0 | D:1      | 0 ||| qw: God list: Okawaru
     0 | D:1      | 0 ||| qw: Allow faded altars: false
     0 | D:1      | 0 ||| qw: Do Orc after D:15 true
     0 | D:1      | 0 ||| qw: Do second Lair branch before Depths: true
     0 | D:1      | 0 ||| qw: Lair rune preference: random
     0 | D:1      | 0 ||| qw: Plans: Normal
     0 | D:1      | 0 ||| PLANNING D:1-11
    15 | D:1      | 15 ||| Stepping ~*~*~tactically~*~*~ (stealth).
   328 | D:1      | 328 ||| Stepping ~*~*~tactically~*~*~ (stealth).
   331 | D:1      | Reached XP level 2. HP: 17/17 MP: 6/6
   336 | D:1      | Reached skill level 3 in Axes
   339 | D:1      | 339 ||| Stepping ~*~*~tactically~*~*~ (stealth).
   423 | D:1      | 423 ||| Stepping ~*~*~tactically~*~*~ (stealth).
   520 | D:1      | 520 ||| DROPPING +0 club.
   534 | D:1      | 534 ||| Stepping ~*~*~tactically~*~*~ (stealth).
   550 | D:1      | 550 ||| Stepping ~*~*~tactically~*~*~ (stealth).
   827 | D:1      | 827 ||| Stepping ~*~*~tactically~*~*~ (stealth).
   829 | D:1      | 829 ||| Stepping ~*~*~tactically~*~*~ (stealth).
   831 | D:1      | 831 ||| Stepping ~*~*~tactically~*~*~ (stealth).
   892 | D:1      | 892 ||| Stepping ~*~*~tactically~*~*~ (stealth).
   901 | D:1      | 901 ||| Stepping ~*~*~tactically~*~*~ (stealth).
   904 | D:1      | 904 ||| Stepping ~*~*~tactically~*~*~ (stealth).
   906 | D:1      | 906 ||| Stepping ~*~*~tactically~*~*~ (stealth).
   916 | D:1      | Reached XP level 3. HP: 18/21 MP: 7/7
   983 | D:1      | 983 ||| Stepping ~*~*~tactically~*~*~ (stealth).
  1007 | D:1      | Found Kounohev's Antique Weapon Emporium.
  1015 | D:1      | 1015 ||| SHOPLISTING runed hand axe (162 gold, have 74).
  1036 | D:1      | Reached skill level 4 in Axes
  1062 | D:1      | 1062 ||| UPGRADING to +0 ring mail.
  1072 | D:1      | 1072 ||| DROPPING +0 leather armour.
  1073 | D:1      | 1073 ||| UPGRADING to +0 pair of gloves.
  1078 | D:1      | 1078 ||| READING scroll labelled GURGHA DOVAZAIK.
  1079 | D:1      | 1079 ||| READING scroll labelled ELIMMI EHUTHYDUZI.
  1084 | D:1      | 1084 ||| READING scroll labelled ZODIUM RIHUI.
  1085 | D:1      | 1085 ||| READING scroll labelled QEBBIA ZYBLIAGU.
  1086 | D:1      | 1086 ||| READING scroll labelled VUDATO ICIYRO.
  1087 | D:1      | 1087 ||| DROPPING scroll of blinking.
  1306 | D:2      | 1306 ||| Stepping ~*~*~tactically~*~*~ (stealth).
  1355 | D:2      | 1355 ||| Stepping ~*~*~tactically~*~*~ (stealth).
  1390 | D:2      | Reached XP level 4. HP: 24/26 MP: 8/8
  1407 | D:2      | 1407 ||| Stepping ~*~*~tactically~*~*~ (water).
  1429 | D:2      | Found a faded altar of an unknown god.
  1486 | D:2      | Reached skill level 5 in Axes
  1680 | D:2      | Found Ockiurue's General Store.
  1690 | D:2      | 1690 ||| SHOPLISTING +9 plate armour of Autumn {Str+4 Dex+2
                  | SInv} (1009 gold, have 150).
  1690 | D:2      | 1690 ||| BUYING scroll of identify (22 gold).
  1690 | D:2      | Bought a scroll of identify for 22 gold pieces
  2075 | D:2      | 2075 ||| UPGRADING to amulet of guardian spirit.
  2080 | D:2      | 2080 ||| READING scroll labelled OHUSKUAWUMI.
  2081 | D:2      | 2081 ||| READING scroll labelled QADGHI VOSUINU.
  2225 | D:3      | Found Hurit's General Store.
  2246 | D:3      | 2246 ||| SHOPLISTING +2 vampiric hand axe (294 gold, have
                  | 133).
  2246 | D:3      | 2246 ||| SHOPLISTING ring of ice (350 gold, have 133).
  2283 | D:3      | 2283 ||| Stepping ~*~*~tactically~*~*~ (stealth).
  2286 | D:3      | 2286 ||| Stepping ~*~*~tactically~*~*~ (stealth).
  2287 | D:3      | 2287 ||| Stepping ~*~*~tactically~*~*~ (stealth).
  2292 | D:3      | Gained mutation: Your magical nature lets you fly swiftly
                  | and evasively. [Tengu growth]
  2292 | D:3      | Reached XP level 5. HP: 30/30 MP: 9/9
  2310 | D:3      | 2310 ||| FLEEEEING.
  2311 | D:3      | 2311 ||| FLEEEEING.
  2312 | D:3      | 2312 ||| FLEEEEING.
  2389 | D:3      | 2389 ||| Stepping ~*~*~tactically~*~*~ (stealth).
  2398 | D:3      | 2398 ||| DROPPING +0 whip.
  2625 | D:3      | 2625 ||| UPGRADING to +0 chain mail.
  2635 | D:3      | 2635 ||| DROPPING +0 ring mail.
  2636 | D:3      | 2636 ||| READING scroll labelled NIAVIJ XI JUYX.
  2691 | D:4      | Found a transporter.
  2697 | D:4      | 2697 ||| READING scroll of teleportation.
  2913 | D:4      | 2913 ||| SWAPPING to +0 war axe.
  2919 | D:4      | 2919 ||| DROPPING +0 spectral hand axe.
  3133 | D:4      | Found a transporter.
  3174 | D:4      | Reached skill level 6 in Axes
  3391 | D:4      | 3391 ||| Stepping ~*~*~tactically~*~*~ (hiding).
  3467 | D:5      | Entered Level 5 of the Dungeon
  3513 | D:5      | Reached XP level 6. HP: 32/35 MP: 8/10
  3572 | D:5      | 3572 ||| Stepping ~*~*~tactically~*~*~ (stealth).
  3582 | D:5      | 3582 ||| Stepping ~*~*~tactically~*~*~ (stealth).
  3591 | D:5      | Reached skill level 7 in Axes
  3599 | D:5      | 3599 ||| Stepping ~*~*~tactically~*~*~ (stealth).
  3601 | D:5      | 3601 ||| Stepping ~*~*~tactically~*~*~ (stealth).
  3711 | D:5      | 3711 ||| Stepping ~*~*~tactically~*~*~ (stealth).
  3725 | D:5      | Reached skill level 3 in Fighting
  3725 | D:5      | Reached XP level 7. HP: 19/41 MP: 5/11
  3766 | D:5      | 3766 ||| FLEEEEING.
  3767 | D:5      | 3767 ||| FLEEEEING.
  3940 | D:5      | 3940 ||| Stepping ~*~*~tactically~*~*~ (stealth).
  3949 | D:5      | 3949 ||| DROPPING +0 flail.
  3969 | D:5      | Noticed Prince Ribbit
  3989 | D:5      | HP: 8/41 [Prince Ribbit (9)]
  3990 | D:5      | 3990 ||| READING 2 scrolls of teleportation.
  4051 | D:5      | 4051 ||| Stepping ~*~*~tactically~*~*~ (stealth).
  4677 | D:5      | 4677 ||| FLEEEEING.
  4682 | D:5      | 4682 ||| STAIRDANCE
  4750 | D:4      | 4750 ||| DRINKING 3 viscous puce potions.
  4766 | D:5      | 4766 ||| FLEEEEING.
  4767 | D:5      | 4767 ||| STAIRDANCE
  4979 | D:5      | 4979 ||| STAIRDANCE
  5081 | D:5      | 5081 ||| FLEEEEING.
  5082 | D:5      | 5082 ||| FLEEEEING.
  5083 | D:5      | 5083 ||| FLEEEEING.
  5084 | D:5      | 5084 ||| STAIRDANCE
  5142 | D:5      | HP: 9/41 [Prince Ribbit (7)]
  5143 | D:5      | 5143 ||| READING 2 scrolls of teleportation.
  5145 | D:5      | 5145 ||| STAIRDANCE
  5430 | D:5      | Killed Prince Ribbit
  5431 | D:5      | Reached skill level 8 in Axes
  5826 | D:6      | Reached skill level 3 in Armour
  5826 | D:6      | 5826 ||| STAIRDANCE
  6076 | D:6      | Reached skill level 9 in Axes
  6076 | D:6      | Reached XP level 8. HP: 25/46 MP: 5/12
  6221 | D:6      | 6221 ||| Stepping ~*~*~tactically~*~*~ (stealth).
  6300 | D:6      | 6300 ||| Stepping ~*~*~tactically~*~*~ (stealth).
  6782 | D:6      | 6782 ||| Stepping ~*~*~tactically~*~*~ (hiding).
  7626 | D:6      | 7626 ||| DROPPING +3 scale mail.
  7627 | D:6      | 7627 ||| READING 2 scrolls of identify.
  7627 | D:6      | 7627 ||| IDENTIFYING red potion
  7690 | D:7      | Reached skill level 10 in Axes
  7884 | D:7      | 7884 ||| Stepping ~*~*~tactically~*~*~ (hiding).
  7887 | D:7      | Noticed a freezing wraith
  7892 | D:7      | Noticed an ice devil
  7892 | D:7      | HP: 10/48 [freezing wraith (6)]
  7892 | D:7      | Mangled by a freezing wraith

Levels and vault maps discovered:
D:1:      onia_arrival_handbag, layout_basic, serial_shops,
          nicolae_shop_hallway_plus, minmay_pentomino_z2
D:2:      wander_river, layout_basic, serial_shops, shop,
          shapermc_ecumenical_altar_pompeii, minmay_misc_feat_tiny
D:3:      layout_rooms, serial_shops, shop
D:4:      gammafunk_wand_slinger, layout_basic, fountainhead,
          serial_bayou_pond_d
D:5:      layout_loops_cross, uniq_prince_ribbit1
D:6:      layout_layer_cave
D:7:      layout_rooms, minmay_temple_entry_mini_moons,
          hellmonk_guarded_unrand_frostbite

Skill      XL: |  1  2  3  4  5  6  7  8 |
---------------+-------------------------+-----
Axes           | 3 4 5 6 7 9 10 | 10.1
Armour         | 2 3 4 |  4.3
Fighting       | 3 4 |  4.5
Throwing       | |  1.0
Dodging        | |  2.1
Spellcasting   | |  2.0
Translocations | |  2.4

Action                   |  1- 3 |  4- 6 |  7- 9 || total
-------------------------+-------+-------+-------++-------
Melee: Hand axe          |    89 |    50 |       ||   139
       Peck              |    12 |    17 |    24 ||    53
       Kick              |    13 |    38 |    39 ||    90
       War axe           |       |    59 |   164 ||   223
       Punch             |       |     1 |     3 ||     4
Throw: Boomerang         |     7 |       |    46 ||    53
  Use: Scroll            |     5 |     4 |     3 ||    12
       Potion            |       |       |     1 ||     1
Armor: Leather armour    |    15 |       |       ||    15
       Ring mail         |    11 |     5 |       ||    16
       Chain mail        |       |    30 |    49 ||    79
Dodge: Dodged            |    30 |    38 |    58 ||   126

Table legend:
 A = Non-vault XP
 B = Vault XP
 C = Vault XP percentage of total XP
 D = Non-vault monster count
 E = Vault monster count
 F = Vault count percentage of total count
                 A         B        C        D         E       F
            +---------+---------+-------+---------+---------+-------
      Total |    1865 |     295 |  13.7 |     125 |       8 |   6.0
            +---------+---------+-------+---------+---------+-------
        D:1 |      38 |       8 |  17.4 |      23 |       6 |  20.7
        D:2 |      93 |       0 |   0.0 |      25 |       0 |   0.0
        D:3 |      60 |       0 |   0.0 |      12 |       0 |   0.0
        D:4 |     101 |       0 |   0.0 |      22 |       0 |   0.0
        D:5 |     449 |     277 |  38.2 |      16 |       1 |   5.9
        D:6 |     786 |       0 |   0.0 |      21 |       0 |   0.0
        D:7 |     338 |      10 |   2.9 |       6 |       1 |  14.3
            +---------+---------+-------+---------+---------+-------
